 Dungeon Crawl Stone Soup version 0.27-a0-899-ge2d0b17c59 (webtiles) character file.

Game seed: 4015475085087412180

7720 Zeld the Destroyer (level 11, -11/81 HPs)
             Began as an Octopode Conjurer on Apr 6, 2021.
             Was a Believer of Vehumet.
             Mangled by a sixfirhy (13 damage)
             ... on level 3 of the Abyss.
             The game lasted 00:20:54 (15510 turns).

Zeld the Destroyer (Octopode Conjurer)             Turns: 15510, Time: 00:20:54

Health: -11/81     AC:  2    Str: 13    XL:     11   Next: 19%
Magic:  9/24       EV: 17    Int: 24    God:    Vehumet [**....]
Gold:   103        SH:  0    Dex: 16    Spells: 17/28 levels left

rFire    . . .     SeeInvis .   (no weapon)
rCold    . . .     Faith    .   (no shield)
rNeg     . . .     Spirit   .   u - +1 hat
rPois    .         Reflect  .   (no amulet)
rElec    .         Harm     .   f - +4 ring of evasion
rCorr    .         Rampage  .   g - +6 ring of dexterity
Will     .....                  r - +6 ring of strength
Stlth    +++.......             (no ring)
HPRegen  0.23/turn              (no ring)
MPRegen  0.19/turn              (no ring)
                                (no ring)
                                (no ring)

@: studying Translocations
A: almost no armour, amphibious, 8 rings, camouflage 1, gelatinous body 1,
(nimble swimmer 1), tentacles
a: Renounce Religion


You were on level 3 of the Abyss.
You worshipped Vehumet.
Vehumet was pleased with you.
You visited 2 branches of the dungeon, and saw 10 of its levels.
You visited the Abyss 1 time.
You also visited: Ossuary.

You collected 462 gold pieces.
You spent 359 gold pieces at shops.

Inventory:

Armour
 u - a +1 hat (worn)
Jewellery
 f - a +4 ring of evasion (left tentacle)
 g - a +6 ring of dexterity (right tentacle)
 r - a +6 ring of strength (on tentacle)
Wands
 q - a wand of mindburst (19)
 t - a wand of flame (19)
Scrolls
 b - a scroll of amnesia
 h - 8 scrolls of teleportation
 k - a scroll of silence
 n - 2 scrolls of magic mapping
 o - 3 scrolls of identify
 p - a scroll of fear
 s - a scroll of enchant weapon
Potions
 a - 3 potions of degeneration
 c - 4 potions of flight
 d - 3 potions of ambrosia
 e - 2 potions of cancellation
 i - 2 potions of brilliance
 m - a potion of might {unknown}


   Skills:
 * Level 9.8 Fighting
 - Level 2.0 Dodging
 - Level 2.6 Stealth
 * Level 9.2 Spellcasting
 * Level 10.6 Conjurations


You had 17 spell levels left.
You knew the following spells:

 Your Spells              Type           Power      Damage    Failure   Level
a - Magic Dart            Conj           100%       1d8       1%          1
b - Searing Ray           Conj           100%       3d7       1%          2
c - Fulminant Prism       Conj/Hex       18%        3d11      6%          4
d - Iskenderun's Mystic   Conj/Tloc      36%        2d9       6%          4

Your spell library contained the following spells:

 Spells                   Type           Power      Damage    Failure   Level
 Foxfire                  Conj/Fire      100%       2x1d9     1%          1
 Conjure Flame            Conj/Fire      36%        6-21      1%          3
 Dazzling Flash           Conj/Hex       72%        N/A       1%          3
 Mephitic Cloud           Conj/Pois/Air  28%        N/A       4%          3
 Animate Skeleton         Necr           22%        N/A       6%          1
 Apportation              Tloc           22%        N/A       6%          1
 Corona                   Hex            12%        N/A       6%          1
 Summon Small Mammal      Summ           44%        N/A       6%          1
 Blink                    Tloc           N/A        N/A       9%          2
 Call Imp                 Summ           11%        N/A       9%          2
 Ensorcelled Hibernation  Hex/Ice        22%        N/A       9%          2
 Slow                     Hex            11%        N/A       9%          2
 Confusing Touch          Hex            11%        N/A       17%         3
 Tukima's Dance           Hex            11%        N/A       17%         3


Dungeon Overview and Level Annotations

Branches:
Dungeon (9/15)             Temple (1/1) D:6         Ossuary (visited)
   Lair: D:8-11         Orc: D:9-12

Altars:
Ashenzari
Cheibriados
Dithmenos
Elyvilon
Fedhas
Gozag
Hepliaklqana
Kikubaaqudgha
Makhleb
Nemelex Xobeh
Okawaru
Ru
Sif Muna
Trog
Uskayaw
Vehumet
Wu Jian
Xom
Yredelemnul
The Shining One

Shops:
D:6 ?

Annotations:
D:2 Sigmund


Innate Abilities, Weirdness & Mutations

You cannot wear most types of armour.
You are amphibious.
You can wear up to eight rings at the same time.
Your skin changes colour to match your surroundings (Stealth+).
Your rubbery body absorbs attacks. (AC +1, EV +1)
((You are camouflaged near water. (Stealth+)))
You have tentacles for arms and can constrict up to eight enemies at once.


Message History

Unknown command.
Blink to where?
Press: ? - help, Dir - move target
As you read the scroll of blinking, it crumbles to dust.
A tentacled starspawn comes into view.
Found a scroll of teleportation.
Tentacles burst from the starspawn's body! 2 starspawn tentacles come into view.
The starspawn tentacle misses you.
A sixfirhy comes into view.
The starspawn tentacle barely misses you.
The starspawn tentacle grabs you. The starspawn tentacle constricts you.
You escape the starspawn tentacle's grasp.
The starspawn tentacle barely misses you.
Found a dire flail.
The starspawn tentacle closely misses you.
The starspawn tentacle grabs you. The starspawn tentacle constricts you.
You escape the starspawn tentacle's grasp.
The hellwing swoops through the air toward you!
The hellwing misses you. The hellwing hits you.
You tentacle-slap the hellwing but do no damage.
Your squeeze misses the hellwing. The hellwing barely misses you.
The hellwing misses you.
You closely miss the hellwing. The sixfirhy hits you. The sixfirhy shocks you!
The sixfirhy hits you! The sixfirhy shocks you!
The hellwing hits you but does no damage.
The hellwing hits you.
Tentacles burst from the starspawn's body!
The sixfirhy hits you!
* * * LOW HITPOINT WARNING * * *
The sixfirhy shocks you!
* * * LOW HITPOINT WARNING * * *
2 starspawn tentacles come into view.
Unknown command.
As you read the scroll of fear, it crumbles to dust.
You assume a fearsome visage.
The large abomination is unaffected.
The hellwing is unaffected.
The sixfirhy is unaffected.
The tentacled starspawn is unaffected.
The starspawn tentacle is unaffected. x2
The sixfirhy hits you!
You die...

. .. .≈≈.## . . #? ..
≈≈.≈ . .# .
###.#...###.# #. # .
.#....#.### .##.###.
#....#.....
.##.──#####..##.).... #
#.#./#..#..........#
..#..<......XX..@4...# #
# ..\....$ww..3.....#
.#...................##
# #.. ..............#..#
##...(...............#..
##.................#..#
#.... .............#.##
#. .###.##.####..... .
## ....#.#.∩.. ..


You could see a tentacled starspawn, a large abomination, a hellwing, a sixfirhy
and 2 starspawn tentacles.

Vanquished Creatures
  Gastronok (D:8)
  A tengu warrior (D:7)
  Pikel (D:6)
  A cyclops (D:9)
  A manticore (D:9)
  Prince Ribbit (D:6)
  2 yaks (D:9)
  An orc warrior (D:8)
  A necrophage (D:5)
  An ogre (D:5)
  2 centaurs
  3 phantoms
  3 kobold brigands
  2 lemures (D:6)
  3 elf zombies (Ossuary)
  2 gnoll sergeants
  2 scorpions
  4 water moccasin skeletons
  A water moccasin zombie (D:6)
  16 killer bees
  5 wights (D:7)
  A howler monkey (D:4)
  A bullfrog zombie (D:5)
  4 centaur zombies
  2 human zombies (Ossuary)
  3 jellies
  2 gnoll shamans
  2 orc priests
  2 hounds (D:7)
  A scorpion zombie (D:5)
  3 iguanas
  9 orc wizards
  2 mummies (Ossuary)
  A howler monkey zombie (D:9)
  17 gnolls
  6 adders
  2 shadow imps
  4 white imps
  An adder skeleton (D:4)
  3 dart slugs
  27 orcs
  3 endoplasms
  2 giant cockroaches
  4 goblins
  6 hobgoblins
  11 jackals
  A quokka (D:2)
  8 ball pythons
  2 ball python zombies (D:1)
  5 bats
  2 frilled lizards (D:2)
  A goblin zombie (Ossuary)
  13 hobgoblin zombies (Ossuary)
  A jackal zombie (Ossuary)
  14 kobolds
  7 kobold zombies (Ossuary)
  6 orc zombies (Ossuary)
  4 rats
  A rat zombie (Ossuary)
238 creatures vanquished.

Vanquished Creatures (others)
  10 fulminant prisms
  2 starspawn tentacles (Abyss:3)
12 creatures vanquished.

Grand Total: 250 creatures vanquished

Notes
Turn   | Place    | Note
-------+----------+-------------------------------------------
     0 | D:1      | Zeld the Octopode Conjurer began the quest for the Orb.
     0 | D:1      | Reached XP level 1. HP: 11/11 MP: 3/3
   408 | D:1      | Reached XP level 2. HP: 18/18 MP: 0/5
   630 | D:1      | Learned a level 2 spell: Searing Ray
   832 | D:1      | Reached skill level 1 in Fighting
   862 | D:1      | Found a faded altar of an unknown god.
  1691 | D:2      | Reached XP level 3. HP: 23/23 MP: 2/6
  2302 | D:2      | Noticed Sigmund
  2628 | D:3      | Reached XP level 4. HP: 29/29 MP: 1/8
  2633 | D:3      | Learned a level 4 spell: Fulminant Prism
  3248 | D:3      | Found a hide-covered altar of Uskayaw.
  3790 | D:4      | Reached XP level 5. HP: 26/35 MP: 3/9
  3806 | D:4      | Noticed a kobold brigand
  3814 | D:4      | Killed a kobold brigand
  3815 | D:4      | Reached skill level 5 in Conjurations
  3858 | D:4      | Noticed a phantom
  3978 | D:4      | Reached XP level 6. HP: 11/42 MP: 0/11
  4352 | D:4      | Reached XP level 7. HP: 41/47 MP: 1/13
  4357 | D:4      | Learned a level 4 spell: Iskenderun's Mystic Blast
  5048 | D:4      | Found a bloodstained altar of Trog.
  5503 | D:5      | Entered Level 5 of the Dungeon
  5733 | D:5      | Reached skill level 6 in Conjurations
  5783 | D:5      | Found a sand-covered staircase.
  5793 | Ossuary  | Entered an ossuary
  6260 | Ossuary  | Reached skill level 5 in Spellcasting
  6260 | Ossuary  | Reached XP level 8. HP: 18/54 MP: 4/15
  6285 | Ossuary  | Reached skill level 5 in Fighting
  7342 | D:5      | Reached skill level 7 in Conjurations
  7974 | D:6      | Found a staircase to the Ecumenical Temple.
  7974 | D:6      | Noticed Prince Ribbit
  7985 | D:6      | Killed Prince Ribbit
  7986 | D:6      | Reached XP level 9. HP: 63/63 MP: 5/18
  8316 | Temple   | Entered the Ecumenical Temple
  8523 | Temple   | Became a worshipper of Vehumet
  8885 | D:6      | Noticed Pikel
  8897 | D:6      | Found Niffaluh's Magic Scroll Shoppe.
  8903 | D:6      | Killed Pikel
  8904 | D:6      | Reached skill level 8 in Conjurations
  8913 | D:6      | Bought a scroll of identify for 30 gold pieces
  8913 | D:6      | Bought a scroll of magic mapping for 52 gold pieces
  8913 | D:6      | Bought 2 scrolls of identify for 60 gold pieces
  8913 | D:6      | Bought a scroll of identify for 30 gold pieces
  8913 | D:6      | Bought a scroll of fear for 52 gold pieces
  8913 | D:6      | Bought a scroll of teleportation for 45 gold pieces
  9813 | D:7      | Reached * piety under Vehumet
  9813 | D:7      | Offered knowledge of Shock by Vehumet.
 11420 | D:8      | Reached skill level 9 in Conjurations
 11420 | D:8      | Reached XP level 10. HP: 60/72 MP: 7/21
 11995 | D:8      | Offered knowledge of Foxfire by Vehumet.
 11995 | D:8      | Noticed a tengu warrior
 11997 | D:8      | Reached ** piety under Vehumet
 12048 | D:7      | Killed a tengu warrior
 12600 | D:8      | Noticed Gastronok
 13775 | D:6      | Bought a scroll of teleportation for 45 gold pieces
 13775 | D:6      | Bought a scroll of teleportation for 45 gold pieces
 14091 | D:9      | Noticed a cyclops
 14098 | D:9      | Killed a cyclops
 14098 | D:9      | Noticed an orc knight
 14432 | D:9      | Identified the +3 buckler of Polish {rElec rCorr Int-5
                  | Dex+3}
 14452 | D:9      | Noticed a fire giant
 14777 | D:8      | Killed Gastronok
 14778 | D:8      | Reached skill level 10 in Conjurations
 14778 | D:8      | Reached XP level 11. HP: 45/81 MP: 10/24
 14972 | D:9      | Noticed a manticore
 14986 | D:9      | Killed a manticore
 15469 | D:9      | Noticed a wizard
 15470 | D:9      | Cast into level 3 of the Abyss (a wizard)
 15494 | Abyss:3  | Noticed a tentacled starspawn
 15502 | Abyss:3  | Noticed a sixfirhy
 15509 | Abyss:3  | HP: 2/81 [sixfirhy (12)]
 15510 | Abyss:3  | Mangled by a sixfirhy

Illustrated notes

Levels and vault maps discovered:
D:1:      saegor_arrival_fortress, layout_basic, ebering_ecumenical_altar_ruins,
          corexii_corridor_pit
D:2:      layout_basic, uniq_sigmund
D:3:      layout_basic, nicolae_uskayaw_dance_hall, nrook_campfire,
          minmay_bisected
D:4:      minmay_general_purpose_star, layout_cave_pools, bloody_trog
D:5:      layout_basic, nicolae_ossuary_entry_monument
D:6:      layout_rooms, minmay_temple_entry_slanted, serial_shops, shop,
          uniq_pikel, uniq_prince_ribbit1
D:7:      layout_loops_corners
D:8:      layout_basic, minmay_misc_feat_cross, mrwooster_statue_mirror,
          minmay_manual_maat, uniq_gastronok
D:9:      minmay_chopped_fan, layout_irregular_city, uniq_erolcha
Temple:   eino_narrow_crystal_temple
Abyss:3:  base: D:6, hangedman_abyss_sting, evilmike_abyss_exit_9

Skill      XL: |  1  2  3  4  5  6  7  8  9 10 |
---------------+-------------------------------+-----
Fighting       | 1 2 3 4 6 7 9 |  9.8
Spellcasting   | 3 4 5 6 7 9 |  9.2
Conjurations   | 5 6 7 9 10 | 10.6
Dodging        | |  2.0
Stealth        | |  2.6

Action                   |  1- 3 |  4- 6 |  7- 9 | 10-12 || total
-------------------------+-------+-------+-------+-------++-------
Melee: Unarmed           |    10 |    25 |     9 |     8 ||    52
       Tentacles         |     1 |     1 |     2 |     1 ||     5
       Constrict         |     2 |     2 |     4 |     1 ||     9
 Cast: Magic Dart        |    23 |     2 |     1 |       ||    26
       Searing Ray       |    23 |    23 |   102 |    38 ||   186
       Iskenderun's Myst |       |       |     3 |    23 ||    26
       Fulminant Prism   |       |       |     3 |     7 ||    10
  Use: Scroll            |     4 |     3 |     8 |     3 ||    18
       Potion            |       |     3 |       |     3 ||     6
Armor: Skin              |     3 |    23 |    11 |     4 ||    41
Dodge: Dodged            |    20 |    50 |   146 |    58 ||   274

Table legend: (Time is in decaauts)
 A = Elapsed time spent in this place.
 B = Non-inter-level travel time spent in this place.
 C = Inter-level travel time spent in this place.
 D = Time resting spent in this place.
 E = Time spent auto-exploring this place.
 F = Levels seen in this place.
 G = Mean time per level.
                   A        B        C        D        E       F      G
               +--------+--------+--------+--------+--------+-----+--------+
         Total |  15530 |  15025 |    505 |   3799 |   9223 |  12 | 1294.2 |
       Dungeon |  14160 |  13690 |    470 |   3378 |   8614 |   9 | 1573.3 |
        Temple |    222 |    187 |     35 |      0 |    183 |   1 |  222.0 |
         Abyss |     39 |     39 |      0 |      5 |      0 |   1 |   39.0 |
       Ossuary |   1106 |   1106 |      0 |    416 |    426 |   1 | 1106.0 |
               +--------+--------+--------+--------+--------+-----+--------+

Top non-repeatable levels by time:
     D:8: 2945 daAuts
     D:7: 1776 daAuts
     D:6: 1741 daAuts
     D:3: 1450 daAuts
     D:4: 1435 daAuts
     D:2: 1424 daAuts
     D:5: 1347 daAuts
     D:1: 1198 daAuts
 Ossuary: 1106 daAuts
     D:9: 841 daAuts
  Temple: 222 daAuts
 Abyss:3: 39 daAuts
